 Dungeon Crawl Stone Soup version 0.31.0-11-ge490571c62 (webtiles) character file.

Game seed: 8254297260283593290

6867 mrdesaussure the Mimic (level 10, -4/98 HPs)
             Began as a Troll Shapeshifter on Feb 7, 2024.
             Was a Believer of Makhleb.
             Slain by a wolf (6 damage)
             ... led by Grum
             ... on level 7 of the Dungeon.
             The game lasted 00:24:48 (8102 turns).

mrdesaussure the Mimic (Troll Shapeshifter)         Turns: 8102, Time: 00:24:49

Health: -4/98      AC:  5    Str: 28    XL:     10   Next: 78%
Magic:  9/9        EV: 11    Int:  6    God:    Makhleb [**....]
Gold:   481        SH:  5    Dex:  9    Spells: 9/9 levels left

rFire   . .          .
                       - Unarmed
rCold   . . .        (no shield)
rNeg    . . .        A - melded +0 acid dragon scales
rPois   .            (helmet restricted)
rElec   .            I - +2 cloak
rCorr   .            (gloves unavailable)
SInv    .            (boots unavailable)
Will    .....        B - amulet of reflection
Stlth   +            (no ring)
HPRegen 1.16/turn    (no ring)
MPRegen 0.11/turn

%: reflection
@: maw-form
A: devouring maw, large, unfitting armour, claws 3, regeneration 1, shaggy fur
1, tough skin 1
a: Begin Untransformation, Renounce Religion, Minor Destruction


You were on level 7 of the Dungeon.
You worshipped Makhleb.
Makhleb was pleased with you.
You were a creature with a mouth for a stomach.
You visited 2 branches of the dungeon, and saw 9 of its levels.
You also visited: Sewer.

You collected 481 gold pieces.

Inventory:

Hand Weapons
 b - the +5 scythe "Finisher" {speed, execute}
   (You found it on level 8 of the Dungeon)
Missiles
 h - 100 stones
 v - 7 javelins
Armour
 a - a +0 animal skin
 t - a +0 cloak
   (You took it off Crazy Yiuf on level 3 of the Dungeon)
 A - +0 acid dragon scales (melded)
   (You found it on level 7 of the Dungeon)
 D - a +0 cloak
   (You found it on level 6 of the Dungeon)
 I - a +2 cloak (worn)
   (You took it off Maurice on level 8 of the Dungeon)
Jewellery
 w - a ring of ice
   (You found it on level 4 of the Dungeon)
 x - a ring of flight
   (You found it on level 6 of the Dungeon)
 z - a ring of resist corrosion
   (You found it on level 5 of the Dungeon)
 B - an amulet of reflection (around neck)
   (You found it on level 3 of the Dungeon)
 E - a ring of positive energy
   (You found it on level 7 of the Dungeon)
 G - a +6 ring of intelligence
   (You found it on level 7 of the Dungeon)
 H - a ring of fire
   (You found it on level 8 of the Dungeon)
Talismans
 i - a maw talisman (active)
   (You found it on level 1 of the Dungeon)
 k - a flux talisman
 m - a beast talisman
 r - a beast talisman
   (You found it on level 1 of the Dungeon)
 C - a dragon-blood talisman
   (You found it on level 6 of the Dungeon)
Wands
 P - a wand of paralysis (12)
   (You took it off Maurice on level 8 of the Dungeon)
Scrolls
 c - 2 scrolls of torment {unknown}
 d - a scroll of blinking {unknown}
 e - a scroll of noise {unknown}
 f - 2 scrolls of enchant weapon {unknown}
 g - 2 scrolls of amnesia {unknown}
 j - 4 scrolls of fear {unknown}
 l - a scroll of poison {!r}
 n - 9 scrolls of identify
 o - 3 scrolls of teleportation {unknown}
 p - 2 scrolls of immolation {unknown}
 q - a scroll of brand weapon
Potions
 s - a potion of cancellation
 u - 5 potions of enlightenment
 y - a potion of brilliance


   Skills:
 + Level 5.8 Fighting
 + Level 6.0 Dodging
 + Level 7.6 Unarmed Combat
 + Level 11.0 Shapeshifting


You had 9 spell levels left.
You didn't know any spells.
Your spell library contained the following spells:

 Spells                   Type           Power      Damage    Failure   Level
 Lesser Beckoning         Tloc           0%         N/A       58%         2
 Gell's Gravitas          Tloc           0%         N/A       83%         3
 Teleport Other           Tloc           0%         N/A       83%         3
 Anguish                  Hex/Necr       0%         N/A       99%         4
 Cause Fear               Hex            0%         N/A       99%         4
 Enfeeble                 Hex            0%         N/A       100%        7


Dungeon Overview and Level Annotations

Branches:
Dungeon (8/15) Zot: 25865  Temple (1/1) D:6 Zot: 5998   Sewer (visited)
   Lair: D:8-11

Altars:
Ashenzari
Cheibriados
Dithmenos
Elyvilon
Fedhas
Gozag
Hepliaklqana
Kikubaaqudgha
Makhleb
Nemelex Xobeh
Okawaru
Qazlal
Sif Muna
Trog
Uskayaw
Vehumet
Wu Jian
Xom
Yredelemnul
Zin
The Shining One

Shops:
D:8 *

Annotations:
D:8 Grum


Innate Abilities, Weirdness & Mutations

You are a creature with a mouth for a stomach.
Your midsection houses a second, enormous mouth.
You are too large for most types of armour.
You have claws for hands.
Your natural rate of healing is unusually fast.
You are covered in fur. (AC +1)
You have tough skin. (AC +1)


Message History

The wolf barely misses you. x2
You claw the wolf! Your bite misses the wolf.
The wolf is severely wounded.
The wolf bites you but does no damage. The wolf closely misses you.
The wolf bites you but does no damage. The wolf bites you!
You take 6 damage, and have 85/98 hp.
Warning x3: The wolf is very fast and can hit for moderate damage in melee! x3
The wolf bites you.
You take 2 damage, and have 83/98 hp.
You claw the wolf!
You devour the wolf!
You feel better.
You kill the wolf!
Makhleb accepts your kill. The wolf bites you! You block the wolf's attack.
Your Dodging skill increases to level 6!
You take 1 damage, and have 82/98 hp.
Warning x2: The wolf is very fast and can hit for moderate damage in melee! x2
You mangle the wolf!!
The wolf is almost dead.
You block the wolf's attack.
Grum hits you from afar with a -2 spear of flaming!
Grum burns you.
You take 10 damage, and have 72/98 hp.
Warning x2: The wolf is very fast and can hit for moderate damage in melee! x2
You claw the wolf!
You kill the wolf!
Makhleb accepts your kill.
You feel better. The wolf barely misses you.
Grum hits you from afar with a -2 spear of flaming!
Grum burns you.
Your Shapeshifting skill increases to level 11!
You take 18 damage, and have 54/98 hp.
Spoiler Alert: The wolf is very fast and can hit for moderate damage in melee!
You closely miss the wolf. The wolf bites you!
Grum hits you from afar with a -2 spear of flaming.
Grum burns you.
You take 10 damage, and have 44/98 hp.
You scratch the wolf. Your bite misses the wolf.
The wolf is moderately wounded.
The wolf bites you but does no damage. The wolf barely misses you.
Spoiler Alert: The wolf is very fast and can hit for moderate damage in melee!
You scratch the wolf. You bite the wolf, but do no damage.
The wolf is heavily wounded.
Grum barely misses you. The wolf bites you.
You scratch the wolf. Your bite misses the wolf.
The wolf is heavily wounded.
The wolf bites you. You block Grum's attack. The wolf bites you.
You take 9 damage, and have 36/98 hp.
Spoiler Alert: The wolf is very fast and can hit for moderate damage in melee!
You closely miss the wolf.
The wolf is heavily wounded.
The wolf bites you but does no damage.
Grum hits you from afar with a -2 spear of flaming!!
* * * LOW HITPOINT WARNING * * *
Grum burns you!
* * * LOW HITPOINT WARNING * * *
You take 27 damage, and have 9/98 hp.
MASSIVE DAMAGE!!
Spoiler Alert: The wolf is very fast and can hit for moderate damage in melee!
Okay, then.
The wolf completely misses you.
You regained 2 hp, and now have 11/98 hp.
Okay, then.
As you read the scroll labelled ELAMME VIRENN, it crumbles to dust.
It is a scroll of brand weapon.
You aren't carrying any weapons that can be branded.
q - a scroll of brand weapon;
k - a flux talisman You block the wolf's attack.
Grum closely misses you.
Spoiler Alert: The wolf is very fast and can hit for moderate damage in melee!
The wolf closely misses you. The wolf bites you but does no damage.
The wolf barely misses you. Grum attacks as he pursues you!
Grum barely misses you. The wolf bites you.
* * * LOW HITPOINT WARNING * * *
Spoiler Alert: The wolf is very fast and can hit for moderate damage in melee!
The wolf bites you but does no damage.
Grum zaps a wand.
The puff of flame hits you!
* * * LOW HITPOINT WARNING * * *
The wolf closely misses you.
You take 7 damage, and have 12/98 hp.
You block the wolf's attack.
There is a stone staircase leading up here.
Spoiler Alert: The wolf is very fast and can hit for moderate damage in melee!
The wolf bites you!
* * * LOW HITPOINT WARNING * * *
You climb upwards.
There is a stone staircase leading down here.
You take 4 damage, and have 9/98 hp.
You closely miss the wolf. You bite the wolf!
The wolf is almost dead.
The wolf bites you but does no damage. The wolf bites you!
* * * LOW HITPOINT WARNING * * *
You take 8 damage, and have 1/98 hp.
Spoiler Alert: The wolf is very fast and can hit for moderate damage in melee!
Throw: throwing net {=f}
Press: ? - help, Q - select action, (/) - cycle Shift-Dir - straight line, f - wolf
Aim: a wolf (almost dead, 29% to hit)
You throw a throwing net {=f}. The throwing net {=f} misses the wolf.
The wolf bites you.
You die...

### ##.####### #.###...##...##
###...[#......... ####
##......#.##...... ###..#
##...##.........##. ###....#
###........#......#.# ##......##
#..........#....#.).#
#........###........####...###.#
##........#....W...##.#.....#...
##.......#......h......#..#.....)
#........###.............###.#...
##...##..# #.........##....######
##..###..# #.........###....# ###
.....##..###.........#......###..
.........##............##..##....
....[)..###.....(#.....##........
[...))...........##....#...#.....


You could see a wolf.

Vanquished Creatures
  A skeletal warrior (D:8)
  Maurice (D:8)
  An ugly thing (D:6)
  Jeremiah (D:6)
  Sigmund (D:6)
  A shadow (D:5)
  A wyvern (D:8)
  4 wraiths (D:8)
  Eustachio (D:5)
  A vampire mosquito (D:7)
  Menkaure (D:6)
  A steam dragon (D:6)
  Edmund (D:5)
  2 acid dragons (D:7)
  Duvessa (D:7)
  A water moccasin (D:8)
  An orc warrior (D:7)
  2 black bears
  An ice beast (D:6)
  A sky beast (D:6)
  An ogre (D:7)
  3 wolves (D:8)
  A phantom (D:4)
  A brain worm (Sewer)
  Blork the orc (D:5)
  3 bullfrogs
  4 scorpions
  8 wights
  Dowan (D:7)
  A howler monkey (D:6)
  A jelly (D:7)
  3 iron imps (D:3)
  3 hounds
  A gnoll bouda (D:7)
  Crazy Yiuf (D:3)
  7 orc priests
  A sleepcap (D:6)
  Ijyb (D:3)
  2 iguanas
  Natasha (D:2)
  12 orc wizards
  Robin (D:3)
  9 gnolls (D:7)
  13 adders
  3 river rats (Sewer)
  A shadow imp (D:6)
  A white imp (D:8)
  2 dart slugs
  3 ribbon worms
  36 orcs
  10 endoplasms
  5 giant cockroaches
  23 goblins
  8 hobgoblins
  6 kobolds
  5 quokkas
  8 ball pythons
  5 bats
  2 frilled lizards
  6 rats
229 creatures vanquished.

Notes
Turn   | Place    | Note
-------+----------+-------------------------------------------
     0 | D:1      | mrdesaussure the Troll Shapeshifter began the quest for the
                  | Orb.
     0 | D:1      | Reached XP level 1. HP: 18/18 MP: 0/0
   183 | D:1      | Reached skill level 1 in Fighting
   370 | D:1      | Reached XP level 2. HP: 26/27 MP: 1/1
   532 | D:1      | Found a faded altar of an unknown god.
   573 | D:2      | Reached skill level 2 in Dodging
   594 | D:2      | Reached XP level 3. HP: 33/33 MP: 2/2
   774 | D:2      | Noticed Natasha
   780 | D:2      | Killed Natasha
   781 | D:2      | Reached XP level 4. HP: 42/42 MP: 3/3
  1150 | D:3      | Found a runed translucent door.
  1151 | D:3      | Noticed Crazy Yiuf
  1211 | D:3      | Found a white marble altar of Elyvilon.
  1419 | D:3      | Noticed Robin
  1445 | D:3      | Reached skill level 2 in Fighting
  1452 | D:3      | Killed Robin
  1453 | D:3      | Reached XP level 5. HP: 39/49 MP: 4/4
  1468 | D:3      | Found a burning altar of Makhleb.
  1468 | D:3      | Noticed Ijyb
  1539 | D:3      | Found a stormy altar of Qazlal.
  1791 | D:3      | Found a glowing drain.
  1803 | Sewer    | Entered a sewer
  1810 | Sewer    | Reached skill level 4 in Unarmed Combat
  2160 | Sewer    | Reached skill level 4 in Shapeshifting
  2220 | Sewer    | Reached skill level 3 in Dodging
  2220 | Sewer    | Reached XP level 6. HP: 56/59 MP: 5/5
  2724 | D:3      | Killed Ijyb
  2926 | D:3      | Killed Crazy Yiuf
  3047 | D:4      | Reached skill level 3 in Fighting
  3062 | D:4      | Reached XP level 7. HP: 64/67 MP: 6/6
  3623 | D:5      | Entered Level 5 of the Dungeon
  3649 | D:5      | Reached skill level 5 in Shapeshifting
  3867 | D:5      | Noticed a shadow
  3888 | D:5      | Killed a shadow
  3889 | D:5      | Reached skill level 6 in Shapeshifting
  3921 | D:5      | Reached XP level 8. HP: 69/75 MP: 7/7
  3976 | D:5      | Noticed Edmund
  3987 | D:5      | Killed Edmund
  4003 | D:5      | Noticed Eustachio
  4020 | D:5      | Killed Eustachio
  4021 | D:5      | Reached skill level 7 in Shapeshifting
  4049 | D:5      | Noticed Blork the orc
  4066 | D:5      | Killed Blork the orc
  4267 | D:6      | Reached skill level 8 in Shapeshifting
  4284 | D:6      | Noticed Menkaure
  4291 | D:6      | Killed Menkaure
  4312 | D:6      | Found an opulent altar of Gozag.
  4312 | D:6      | Found a hazy altar of Hepliaklqana.
  4325 | D:6      | Reached skill level 9 in Shapeshifting
  4423 | D:6      | Reached XP level 9. HP: 81/81 MP: 8/8
  4578 | D:6      | Noticed Jeremiah
  4669 | D:6      | Killed Jeremiah
  4670 | D:6      | Reached skill level 10 in Shapeshifting
  4670 | D:6      | Reached skill level 5 in Unarmed Combat
  4724 | D:6      | Found a staircase to the Ecumenical Temple.
  4739 | Temple   | Entered the Ecumenical Temple
  4867 | D:3      | Became a worshipper of Makhleb the Destroyer
  4987 | D:6      | Noticed Sigmund
  5002 | D:6      | Killed Sigmund
  5003 | D:6      | Reached skill level 4 in Dodging
  5578 | D:7      | Reached skill level 4 in Fighting
  5726 | D:7      | Noticed a purple ugly thing
  5975 | D:6      | Killed a purple ugly thing
  5976 | D:6      | Reached skill level 6 in Unarmed Combat
  6028 | D:7      | Noticed Duvessa
  6029 | D:7      | Noticed Dowan
  6059 | D:7      | Killed Dowan
  6106 | D:7      | Reached * piety under Makhleb
  6107 | D:7      | Reached XP level 10. HP: 83/94 MP: 9/9
  6227 | D:7      | Reached skill level 5 in Dodging
  6248 | D:7      | Killed Duvessa
  6675 | D:7      | Reached skill level 5 in Fighting
  7097 | D:8      | Found Jamoilai's Changing Room.
  7183 | D:8      | Noticed a skeletal warrior
  7183 | D:8      | Found the +5 scythe "Finisher" {speed, execute}
  7201 | D:8      | Reached ** piety under Makhleb
  7204 | D:8      | Reached skill level 7 in Unarmed Combat
  7214 | D:8      | HP: 21/96 [skeletal warrior/+0 flail (17)]
  7215 | D:8      | HP: 9/96 [skeletal warrior/+0 flail (13)]
  7218 | D:8      | Killed a skeletal warrior
  7704 | D:8      | Found a shimmering blue altar of Sif Muna.
  7722 | D:8      | Noticed Maurice
  7733 | D:8      | Something stole a beast talisman
  7734 | D:8      | Something stole a ring of positive energy
  7738 | D:8      | Something stole the +5 scythe "Finisher" {speed, execute}
  7740 | D:8      | Something stole 100 stones
  7742 | D:8      | Paralysed by something for 2 turns
  7765 | D:8      | Maurice stole 472 gold
  7767 | D:8      | Killed Maurice
  8060 | D:8      | Noticed Grum
  8081 | D:8      | Reached skill level 6 in Dodging
  8083 | D:8      | Reached skill level 11 in Shapeshifting
  8087 | D:8      | HP: 18/98 [Grum/-2 spear of flaming (19)]
  8094 | D:8      | HP: 17/98 [wolf[Grum] (1)]
  8099 | D:8      | HP: 7/98 [wolf[Grum] (7)]
  8101 | D:7      | HP: 1/98 [wolf[Grum] (9)]
  8102 | D:7      | Slain by a wolf

Illustrated notes

Levels and vault maps discovered:
D:1:      wander_arrival_fairy_ring, layout_loops_ring,
          hellmonk_ecumenical_altar_heavens_door, st_stairs_11
D:2:      layout_rooms, minivault_23, uniq_natasha
D:3:      minmay_spotlight, layout_basic, mainiacjoe_overflow_catwalk,
          elyvilon_altar_5, demons_altar, portal_sewer_entry_b,
          kennysheep_generic_room_15, uniq_ijyb, uniq_crazy_yiuf_cottage,
          uniq_robin
D:4:      layout_basic
D:5:      layout_basic, uniq_blork_the_orc, uniq_eustachio, uniq_edmund
D:6:      layout_basic, nicolae_overflow_two_pavilions,
          minmay_temple_entry_drinking_statues, minmay_diced_spiral,
          uniq_jeremiah, uniq_sigmund, uniq_menkaure
D:7:      layout_cave_pools, corner_web_ring, kb_rosetta, uniq_duvessa
D:8:      layout_basic, mainiacjoe_overflow_six_doors_small,
          nicolae_transmutations_shop, minmay_guarded_unrand_finisher,
          uniq_grum, uniq_maurice
Temple:   hellmonk_temple_of_storms

Skill      XL: |  1  2  3  4  5  6  7  8  9 10 |
---------------+-------------------------------+-----
Fighting       | 1 2 3 4 5 |  5.8
Dodging        | 2 3 4 6 |  6.0
Unarmed Combat | 4 6 7 |  7.6
Shapeshifting  | 4 6 9 10 11 | 11.0

Action                     |  1- 3 |  4- 6 |  7- 9 | 10-12 || total
---------------------------+-------+-------+-------+-------++-------
  Melee: Unarmed           |    51 |   154 |   286 |   148 ||   639
         Punch             |     1 |     4 |     6 |     3 ||    14
         Maw               |       |       |    20 |    39 ||    59
  Throw: Stone             |       |       |    14 |       ||    14
         Throwing net      |       |       |     1 |     3 ||     4
Ability: Begin Untransform |       |     1 |     2 |     1 ||     4
    Use: Potion            |       |     1 |     9 |     2 ||    12
         Scroll            |       |       |     2 |     1 ||     3
   Stab: Sleeping          |     1 |       |       |       ||     1
         Invisible         |       |       |     4 |       ||     4
 Armour: Animal skin       |    29 |    73 |    98 |       ||   200
         Skin              |       |     2 |   119 |   149 ||   270
  Dodge: Dodged            |    22 |    49 |    80 |    64 ||   215
  Block: Other             |       |    23 |    66 |    28 ||   117
         Reflection        |       |     2 |     1 |       ||     3
   Form: Beast             |       |     1 |       |       ||     1
         Maw               |       |       |     2 |     1 ||     3

Levels and vault maps discovered:
D:1:      wander_arrival_fairy_ring, layout_loops_ring,
          hellmonk_ecumenical_altar_heavens_door, st_stairs_11
D:2:      layout_rooms, minivault_23, uniq_natasha
D:3:      minmay_spotlight, layout_basic, mainiacjoe_overflow_catwalk,
          elyvilon_altar_5, demons_altar, portal_sewer_entry_b,
          kennysheep_generic_room_15, uniq_ijyb, uniq_crazy_yiuf_cottage,
          uniq_robin
D:4:      layout_basic
D:5:      layout_basic, uniq_blork_the_orc, uniq_eustachio, uniq_edmund
D:6:      layout_basic, nicolae_overflow_two_pavilions,
          minmay_temple_entry_drinking_statues, minmay_diced_spiral,
          uniq_jeremiah, uniq_sigmund, uniq_menkaure
D:7:      layout_cave_pools, corner_web_ring, kb_rosetta, uniq_duvessa
D:8:      layout_basic, mainiacjoe_overflow_six_doors_small,
          nicolae_transmutations_shop, minmay_guarded_unrand_finisher,
          uniq_grum, uniq_maurice
Temple:   hellmonk_temple_of_storms

Table legend: (Time is in decaauts)
 A = Elapsed time spent in this place.
 B = Non-inter-level travel time spent in this place.
 C = Inter-level travel time spent in this place.
 D = Time resting spent in this place.
 E = Time spent auto-exploring this place.
 F = Levels seen in this place.
 G = Mean time per level.
                   A        B        C        D        E       F      G
               +--------+--------+--------+--------+--------+-----+--------+
         Total |   8048 |   7612 |    436 |    736 |   4308 |  10 |  804.8 |
       Dungeon |   7626 |   7191 |    435 |    636 |   4196 |   8 |  953.2 |
        Temple |      1 |      0 |      1 |      0 |      0 |   1 |    1.0 |
         Sewer |    419 |    419 |      0 |    100 |    112 |   1 |  419.0 |
               +--------+--------+--------+--------+--------+-----+--------+

Top non-repeatable levels by time:
     D:3: 1637 daAuts
     D:6: 1477 daAuts
     D:8: 1131 daAuts
     D:7: 1064 daAuts
     D:5: 693 daAuts
     D:1: 566 daAuts
     D:4: 538 daAuts
     D:2: 517 daAuts
   Sewer: 419 daAuts
  Temple: 1 daAuts

Table legend:
 A = Kills in this place as a percentage of kills in the entire game.
 B = Kills by you in this place as a percentage of kills by you in the entire game.
 C = Kills by friends in this place as a percentage of kills by friends in the entire game.
 D = Other kills in this place as a percentage of other kills in the entire game.
 E = Experience gained in this place as a percentage of experience gained in the entire game.
 F = Experience gained in this place divided by the number of levels of this place that you have seen.
                   A       B       C       D       E      F
               +-------+-------+-------+-------+-------+----------------------
         Total | 100.0 | 100.0 |   N/A |   N/A | 100.0 | 981.0
       Dungeon |  93.4 |  93.4 |   N/A |   N/A |  98.1 | 1202.6
         Sewer |   6.6 |   6.6 |   N/A |   N/A |   1.9 | 189.0
               +-------+-------+-------+-------+-------+----------------------
